 Dungeon Crawl Stone Soup version 0.22-a0-480-g991dd4b (webtiles) character file.

217 KillYourself the Shield-Bearer (level 5, 0/47 HPs)
             Began as a Minotaur Fighter on June 16, 2018.
             Killed by nerve-wracking pain
             ... invoked by Grinder
              (14 damage)
             ... on level 3 of the Dungeon.
             The game lasted 00:10:43 (2168 turns).

KillYourself the Shield-Bearer (Minotaur Fighter)   Turns: 2168, Time: 00:10:44

Health: 0/47       AC: 10    Str: 22    XL:     5   Next: 61%
Magic:  4/4        EV:  9    Int:  5    God:
Gold:   65         SH: 11    Dex: 12    Spells: 4/4 levels left

rFire    + . .     SeeInvis .   a - +0 war axe
rCold    . . .     Gourm    .   c - +1 shield
rNeg     . . .     Faith    .   q - +3 scale mail {rF+}
rPois    .         Spirit   .   (helmet restricted)
rElec    .         Reflect  .   (no cloak)
rCorr    .         Harm     .   (no gloves)
MR       .....                  (no boots)
Stlth    ..........             (no amulet)
HPRegen  0.15/turn              j - +3 ring of dexterity
MPRegen  0.09/turn              (no ring)

@: hasted, very quick
A: retaliatory headbutt, horns 2
a: no special abilities


You were on level 3 of the Dungeon.
You were not hungry.

You visited 1 branch of the dungeon, and saw 3 of its levels.

You collected 65 gold pieces.

Inventory:

Hand Weapons
 a - a +0 war axe (weapon)
 g - a cursed -3 hand axe
Armour
 b - a +2 scale mail
 c - a +1 shield (worn)
 q - a +3 scale mail of fire resistance (worn)
Jewellery
 j - a +3 ring of dexterity (left hand)
Wands
 s - a wand of polymorph (7)
Scrolls
 i - a scroll of teleportation
 n - a scroll of blinking
Potions
 d - a potion of might
 e - 2 potions of flight
 h - 3 potions of curing
 m - a potion of agility
Comestibles
 f - 9 rations
 r - 2 chunks of flesh


   Skills:
 + Level 4.4 Fighting
 + Level 4.5 Axes
 + Level 4.3 Armour
 + Level 2.5 Dodging
 + Level 4.5 Shields


You had 4 spell levels left.
You didn't know any spells.
Your spell library contained the following spells:

 Spells                   Type           Power        Failure   Level  Hunger
 Confuse                  Hex            #.......     100%        3    ####...
 Tukima's Dance           Hex            #.......     100%        3    ####...
 Ensorcelled Hibernation  Hex/Ice        #.....       100%        2    ###....
 Corona                   Hex            #......      99%         1    ##.....
 Dazzling Spray           Conj/Hex       #.....       100%        3    ####...


Dungeon Overview and Level Annotations

Branches:
Dungeon (3/15)

Altars:
Cheibriados
Trog

Annotations:
D:3 Grinder


Innate Abilities, Weirdness & Mutations

You reflexively headbutt those who attack you in melee.
You have a pair of horns on your head.


Message History

Your headbutt misses Grinder.
Grinder is moderately wounded.
Grinder barely misses you.
You closely miss Grinder. You headbutt Grinder.
Grinder is heavily wounded.
Grinder hits you but does no damage.
You closely miss Grinder. You headbutt Grinder.
Grinder is heavily wounded.
Grinder gestures at you. Pain shoots through your body!
* * * LOW HITPOINT WARNING * * *
Grinder hits you but does no damage.
You feel yourself speed up. Grinder gestures at you.
You resist with significant effort.
Grinder blinks!
Grinder says, "What is the universe for?"
Grinder gestures at you. Pain shoots through your body!
You die...

..#.#
...........#####.#####....
..#.#
#...................#.###
###.#
#####....####.####..##...
....#
#.#..##.....##..##.##
#####
#.#.5#.......#..##.#.
#####
#.#..#.......#.....#.
....#
#.#...).._......####.
###.#
.#####.##.#.......#.## ##
# #.#
#.........@#.......#.# #
#.# ##########.##.....##.#
# #.# #.####.####.# # #.#
#...........# #
#.#############..#.###.###
# #......................#
########################


You could see Grinder.

Vanquished Creatures
  Natasha (thrice) (D:3)
  5 adders
  3 gnolls (D:3)
  3 worms (D:3)
  A dart slug (D:2)
  A leopard gecko (D:3)
  An orc (D:3)
  A ball python (D:1)
  8 bats
  3 giant cockroaches
  5 goblins
  6 hobgoblins
  5 jackals
  2 kobolds
  3 quokkas (D:2)
  2 frilled lizards
  7 rats
59 creatures vanquished.

Notes
Turn   | Place    | Note
-------+----------+-------------------------------------------
     0 | D:1      | KillYourself the Minotaur Fighter began the quest for the Orb.
     0 | D:1      | Reached XP level 1. HP: 19/19 MP: 0/0
   105 | D:1      | Reached XP level 2. HP: 26/27 MP: 1/1
   585 | D:2      | Reached skill level 1 in Dodging
   604 | D:2      | Reached XP level 3. HP: 33/33 MP: 2/2
  1301 | D:3      | Noticed Natasha
  1305 | D:3      | Killed Natasha
  1305 | D:3      | Reached XP level 4. HP: 30/40 MP: 3/3
  1459 | D:3      | Found a bloodstained altar of Trog.
  1462 | D:3      | Noticed Natasha
  1518 | D:3      | Killed Natasha
  1645 | D:3      | Reached XP level 5. HP: 39/47 MP: 4/4
  1933 | D:3      | Noticed Natasha
  1940 | D:3      | Killed Natasha
  2115 | D:3      | Found a snail-covered altar of Cheibriados.
  2147 | D:3      | Noticed Grinder
  2168 | D:3      | Killed from afar by Grinder

Vault maps used:
D:1:      eino_arrival_tree_alley, minmay_heptomino_d4
D:2:      first_ration
D:3:      old_standard_altar, lemuel_crystal_altar, uniq_natasha, uniq_grinder

Skill      XL: |  1  2  3  4  5 |
---------------+----------------+-----
Armour         | 4 |  4.3
Shields        | 4 |  4.5
Dodging        | 1 2 |  2.5
Fighting       | 4 |  4.4
Axes           | 3 4 |  4.5

Action                   |  1- 3 |  4- 6 || total
-------------------------+-------+-------++-------
Melee: War axe           |    81 |    68 ||   149
       Headbutt          |     9 |    15 ||    24
       Unarmed           |       |     7 ||     7
  Use: Scroll            |    10 |     1 ||    11
       Potion            |     6 |     4 ||    10
  Eat: Chunk             |     1 |     3 ||     4
Armor: Scale mail        |    30 |    36 ||    66
Dodge: Dodged            |    27 |    24 ||    51
Block: Shield            |    47 |    29 ||    76

Table legend:
 A = Spawn XP
 B = Non-spawn XP
 C = Spawn XP percentage of total XP
 D = Spawn monster count
 E = Non-spawn monster count
 F = Spawn count percentage of total count
 G = Total turns spent on level
                    A         B        C        D         E        F      G
               +---------+---------+-------+---------+---------+-------+---------
         Total |       0 |     310 |   0.0 |       0 |      59 |   0.0 |  2168
               +---------+---------+-------+---------+---------+-------+---------
           D:1 |       0 |      23 |   0.0 |       0 |      14 |   0.0 |   490
           D:2 |       0 |      71 |   0.0 |       0 |      19 |   0.0 |   761
           D:3 |       0 |     216 |   0.0 |       0 |      26 |   0.0 |   917
               +---------+---------+-------+---------+---------+-------+---------
